 Dungeon Crawl Stone Soup version 0.30-a0-626-gd6a5dd7a1f (webtiles) character file.

Game seed: 14253172529076982949

5 BaabKaare the Conjurer (level 1, 0/13 HPs)
             Began as a Human Conjurer on Jan 11, 2023.
             Slain by a quokka (5 damage)
             ... on level 1 of the Dungeon.
             The game lasted 00:01:35 (876 turns).

BaabKaare the Conjurer (Human Conjurer)              Turns: 876, Time: 00:01:36

Health: 0/13       AC:  2    Str:  7    XL:     1   Next: 88%
Magic:  0/3        EV: 12    Int: 18    God:
Gold:   1          SH:  0    Dex: 11    Spells: 3/4 levels left

rFire   . . .      SeeInvis .    (no weapon)
rCold   . . .      Faith    .    (no shield)
rNeg    . . .      Spirit   .    a - +0 robe
rPois   .          Reflect  .    (no helmet)
rElec   .          Harm     .    (no cloak)
rCorr   .          Rampage  .    (no gloves)
Will    .....                    (no boots)
Stlth   ++                       (no amulet)
HPRegen 0.22/turn                (no ring)
MPRegen 0.08/turn                (no ring)

@: no status effects
A: no striking features
a: no special abilities


You were on level 1 of the Dungeon.
You visited 1 branch of the dungeon, and saw 1 of its levels.

You collected 1 gold pieces.

Inventory:

Armour
 a - a +0 robe (worn)
Scrolls
 c - a scroll of immolation {unknown}
Potions
 b - a potion of magic


   Skills:
 + Level 2.0 Dodging
 + Level 2.0 Stealth
 + Level 2.0 Spellcasting
 + Level 4.3 Conjurations


You had 3 spell levels left.
You knew the following spells:

 Your Spells              Type           Power      Damage    Failure   Level
a - Magic Dart            Conj           68%        1d6       3%          1

Your spell library contained the following spells:

 Spells                   Type           Power      Damage    Failure   Level
 Searing Ray              Conj           34%        2d5       4%          2
 Dazzling Flash           Conj/Hex       18%        N/A       22%         3
 Fulminant Prism          Conj/Hex       4%         3d5       58%         4
 Iskenderun's Mystic Bla  Conj/Tloc      9%         2d4       58%         4


Dungeon Overview and Level Annotations

Branches:
Dungeon (1/15)

Altars:


Message History

The quokka barely misses you.
There is an open door here.
The quokka attacks as you move away! The quokka barely misses you.
The quokka misses you. The quokka attacks as you move away!
The quokka misses you.
There is an open door here.
The quokka attacks as you move away! The quokka barely misses you.
The quokka misses you. The quokka attacks as you move away!
The quokka bites you.
There is an open door here.
The quokka bites you.
Casting: Magic Dart (safe; 3% risk of failure)
Confirm with . or Enter, or press ? or * to list all spells.
Aiming: Magic Dart (safe; 3% risk of failure)
Press: ? - help, Shift-Dir - straight line, f - quokka
Aim: a quokka (100% to hit)
The magic dart hits the quokka but does no damage.
The quokka barely misses you.
Casting: Magic Dart (safe; 3% risk of failure)
Confirm with . or Enter, or press ? or * to list all spells.
Aiming: Magic Dart (safe; 3% risk of failure)
Press: ? - help, Shift-Dir - straight line, f/p - quokka
Aim: a quokka (100% to hit)
The magic dart hits the quokka.
The quokka is moderately wounded.
The quokka closely misses you. The quokka bites you.
Casting: Magic Dart (safe; 3% risk of failure)
Confirm with . or Enter, or press ? or * to list all spells.
You don't have enough magic to cast this spell.
Unknown command.
Casting: Magic Dart (safe; 3% risk of failure)
Confirm with . or Enter, or press ? or * to list all spells.
You don't have enough magic to cast this spell.
The quokka closely misses you. The quokka attacks as you move away!
The quokka bites you. The quokka attacks as you move away!
The quokka closely misses you. The quokka attacks as you move away!
The quokka bites you. The quokka closely misses you.
The quokka attacks as you move away! The quokka bites you.
You die...

# ####..#### #.#
####.#########....#######.#
#[##......................#
### #.#
##...>.....#......#######..
#.#
###..######......'.....'..
###.# #..# #......#######..
....# #..# #......# #..
###.# #..######......# ###
#.# #......@r......# #.#
#..############# #.#
#..#####################
#.#
#.......................
#.#
#..#####################
#.#
#....................รท..
###.#
#.######################
..).# #.# ###.######.#


You could see a quokka.

Vanquished Creatures
  A bat (D:1)
  An endoplasm (D:1)
  2 hobgoblins (D:1)
4 creatures vanquished.

Notes
Turn   | Place    | Note
-------+----------+-------------------------------------------
     0 | D:1      | BaabKaare the Human Conjurer began the quest for the Orb.
     0 | D:1      | Reached XP level 1. HP: 13/13 MP: 3/3
   876 | D:1      | Slain by a quokka

Illustrated notes

Levels and vault maps discovered:
D:1:      wheals_arrival_linesprint, layout_basic,
          shapermc_ecumenical_altar_hornbeckon

Action                   || total
-------------------------++-------
Melee: Unarmed           ||     2
 Cast: Magic Dart        ||    17
Dodge: Dodged            ||    17

Table legend: (Time is in decaauts)
 A = Elapsed time spent in this place.
 B = Non-inter-level travel time spent in this place.
 C = Inter-level travel time spent in this place.
 D = Time resting spent in this place.
 E = Time spent auto-exploring this place.
 F = Levels seen in this place.
 G = Mean time per level.
                   A        B        C        D        E       F      G
               +--------+--------+--------+--------+--------+-----+--------+
         Total |    876 |    863 |     13 |    499 |    246 |   1 |  876.0 |
       Dungeon |    876 |    863 |     13 |    499 |    246 |   1 |  876.0 |
               +--------+--------+--------+--------+--------+-----+--------+

Top non-repeatable levels by time:
     D:1: 876 daAuts
